 Dungeon Crawl Stone Soup version 0.17-a0-2109-g117576f (webtiles) character file.

878 Kidiri the Magician (level 7, -2/40 HPs)
             Began as a Deep Elf Ice Elementalist on Oct 19, 2015.
             Was a Priest of Vehumet.
             Slain by Guts's ghost (4 damage)
             ... on level 5 of the Dungeon.
             The game lasted 00:35:56 (10347 turns).

Kidiri the Magician (Deep Elf Ice Elementalist)    Turns: 10347, Time: 00:35:56

Health: -2/40      AC:  4    Str:  5    XL:     7   Next: 75%
Magic:  2/17       EV: 19    Int: 22    God:    Vehumet [***...]
Gold:   55         SH:  0    Dex: 20    Spells: 6 memorised, 1 level left

rFire  . . .     SeeInvis .     k - +0 whip
rCold  . . .     Clarity  .     h - +0 leather armour
rNeg   . . .     SustAt   .     (no shield)
rPois  .         Gourm    .     (no helmet)
rElec  .         Spirit   .     (no cloak)
rCorr  .         Warding  .     p - +0 pair of gloves
rMut   .         Stasis   .     (no boots)
MR     .....                    (no amulet)
Stlth  ++++......               (no ring)
                                (no ring)

@: agile, very slightly contaminated, not resistant to hostile enchantments,
stealthy
A: breathe flames 1, evolution 1
a: Renounce Religion, Breathe Fire


You were on level 5 of the Dungeon.
You worshipped Vehumet.
Vehumet was most pleased with you.
You were not hungry.

You visited 1 branch of the dungeon, and saw 5 of its levels.
You also visited: Ossuary.

You collected 198 gold pieces.
You spent 143 gold pieces at shops.

Inventory:

Hand Weapons
 k - a +0 whip (weapon)
Missiles
 i - 2 throwing nets (quivered)
Armour
 h - a +0 leather armour (worn)
 p - a +0 pair of gloves (worn)
 t - a +0 ring mail
Wands
 x - a wand of disintegration (3)
Scrolls
 e - 2 scrolls of remove curse
 m - 2 scrolls of recharging
 r - a scroll of amnesia {unknown}
 s - 2 scrolls of enchant armour {unknown}
 v - 3 scrolls of teleportation {unknown}
 w - 2 scrolls of identify
 y - a scroll of blinking {unknown}
 A - 2 scrolls of fog
Potions
 d - 3 potions of invisibility
 g - a potion of cure mutation
 j - 2 potions of lignification {unknown}
 l - 3 potions of curing
 n - 2 potions of flight {unknown}
 o - a potion of might {unknown}
 q - a potion of ambrosia {unknown}
 u - a potion of resistance
 z - a potion of haste {unknown}
Books
 b - a book of Frost

   Spells                             Type                      Level
   a - Freeze                         Ice                          1
   b - Throw Frost                    Conjuration/Ice              2
   c - Ozocubu's Armour               Charms/Ice                   3
   d - Throw Icicle                   Conjuration/Ice              4
   e - Summon Ice Beast               Ice/Summoning                4
   f - Condensation Shield            Ice                          4
Comestibles
 c - 2 bread rations


   Skills:
 + Level 2.1 Fighting
 + Level 1.3 Maces & Flails
 * Level 2.6 Armour
 + Level 3.9 Dodging
 + Level 4.6 Stealth
 * Level 5.8 Spellcasting
 + Level 2.4 Conjurations
 + Level 3.4 Charms
 + Level 4.6 Ice Magic


You had one spell level left.
You knew the following spells:

 Your Spells              Type           Power        Failure   Level  Hunger
a - Freeze                Ice            ####         1%          1    None
b - Throw Frost           Conj/Ice       ###...       1%          2    None
c - Ozocubu's Armour      Chrm/Ice       ###.....     12%         3    ##.....
d - Condensation Shield   Ice            ####......   24%         4    ####...
e - Searing Ray           Conj           ###...       3%          2    None
f - Throw Icicle          Conj/Ice       ###.....     10%         4    ####...


Dungeon Overview and Level Annotations

Branches:
Dungeon (5/15)
 Temple: D:4-7

Altars:
Elyvilon
Fedhas
Nemelex Xobeh
Qazlal
Ru
Sif Muna
Vehumet
Xom
Zin

Shops:
D:4 *[

Annotations:
D:5 Guts's ghost, novice HuBe


Innate Abilities, Weirdness & Mutations

You can breathe flames.
You evolve.


Message History

Confirm with . or Enter, or press ? or * to list all spells.
Aiming: Searing Ray
Press: ? - help, Shift-Dir - straight line, f/p - Guts's ghost
Aim: Guts's ghost, wielding a weapon of flaming (lightly damaged)
The searing ray hits Guts's ghost.
Guts's ghost is moderately damaged.
Guts's ghost closely misses you.
The searing ray hits Guts's ghost.
Guts's ghost is lightly damaged.
You have got your breath back.
Guts's ghost hits you.
* * * LOW HITPOINT WARNING * * *
Guts's ghost burns you.
* * * LOW HITPOINT WARNING * * *
The searing ray hits Guts's ghost.
Guts's ghost is moderately damaged.
Guts's ghost hits you!
* * * LOW HITPOINT WARNING * * *
Guts's ghost burns you.
You die...

##### ##....####.##.....#
###..### #.........
**#.....W##########(..
*#...####....### ##.. **** #..##*
####...## ### ,,,*****#*#.**
###..# # ,,,,,,,,...,** ##.##
*****,,,.....############..##
*****,*#(.(W@.......##..##
***############......#***
**********************###.!.....#
,,,,,,,,,,,,,,,,,,,,,,,,....h##..
***********************.(........
####....... #.h.##.. ##!##*## *##


You could see Guts's ghost.

Vanquished Creatures
  A phantom (D:5)
  2 hounds
  2 crimson imps (D:5)
  2 jellies (D:5)
  An orc priest (D:4)
  4 orc wizards
  2 iguanas (D:5)
  2 worker ants (D:4)
  3 big kobold zombies (Ossuary)
  A hound skeleton (D:4)
  A mummy (Ossuary)
  4 gnolls (D:3)
  7 adders
  A shadow imp (D:4)
  An adder skeleton (D:4)
  3 worms
  5 giant geckos
  9 orcs
  4 spectral bats (Ossuary)
  8 bats
  3 bat simulacra (Ossuary)
  9 gnoll zombies (Ossuary)
  7 goblins
  10 hobgoblins
  8 jackals
  2 quokkas
  2 ball pythons (D:3)
  8 giant cockroaches
  A giant cockroach zombie (D:5)
  4 giant gecko skeletons (D:4)
  4 giant newts
  A goblin simulacrum (Ossuary)
  2 goblin zombies (Ossuary)
  7 hobgoblin zombies (Ossuary)
  A jackal skeleton (D:3)
  9 kobolds
  4 kobold simulacra (Ossuary)
  2 kobold zombies (Ossuary)
  7 orc zombies (Ossuary)
  7 rats
  3 spectral goblins (Ossuary)
  3 spectral kobolds (Ossuary)
  2 spectral rats (Ossuary)
169 creatures vanquished.

Vanquished Creatures (others)
  2 fungi (D:4)
2 creatures vanquished.

Grand Total: 171 creatures vanquished

Notes
Turn   | Place    | Note
--------------------------------------------------------------
     0 | D:1      | Kidiri the Deep Elf Ice Elementalist began the quest for the Orb.
     0 | D:1      | Reached XP level 1. HP: 10/10 MP: 6/6
   408 | D:1      | Reached XP level 2. HP: 15/15 MP: 6/8
   412 | D:1      | Learned a level 2 spell: Throw Frost
  1126 | D:2      | Found a radiant altar of Vehumet.
  1143 | D:2      | Became a worshipper of Vehumet
  1300 | D:2      | Reached XP level 3. HP: 19/19 MP: 2/10
  1307 | D:2      | Learned a level 3 spell: Ozocubu's Armour
  1329 | D:2      | Reached skill level 1 in Armour
  1329 | D:2      | Reached skill level 4 in Spellcasting
  1824 | D:2      | Reached XP level 4. HP: 24/24 MP: 3/12
  1932 | D:2      | Learned a level 4 spell: Condensation Shield
  2030 | D:2      | Found a white marble altar of Elyvilon.
  2059 | D:2      | Reached * piety under Vehumet
  2059 | D:2      | Offered knowledge of Flame Tongue by Vehumet.
  2827 | D:3      | Reached skill level 1 in Charms
  2983 | D:3      | Reached XP level 5. HP: 28/28 MP: 7/13
  4695 | D:4      | Reached skill level 1 in Fighting
  4698 | D:4      | Found a stormy altar of Qazlal.
  4698 | D:4      | Found a blossoming altar of Fedhas.
  5137 | D:4      | Offered knowledge of Searing Ray by Vehumet.
  5304 | D:4      | Learned a level 2 spell: Searing Ray
  5315 | D:4      | Found Buint's General Store.
  5323 | D:4      | Bought a potion of resistance for 110 gold pieces
  5323 | D:4      | Bought a potion of curing for 33 gold pieces
  5533 | D:4      | Reached ** piety under Vehumet
  5533 | D:4      | Reached XP level 6. HP: 34/34 MP: 7/15
  5689 | D:4      | Reached skill level 5 in Spellcasting
  5897 | D:4      | Found Qem Rekh's Armour Emporium.
  6316 | D:4      | Found a glowing silver altar of Zin.
  6318 | D:4      | Found a deep blue altar of Sif Muna.
  6333 | D:4      | Reached skill level 1 in Maces & Flails
  6452 | D:4      | Gained mutation: You evolve. [potion of mutation]
  6452 | D:4      | Gained mutation: You can breathe flames. [potion of mutation]
  6452 | D:4      | Gained mutation: You are partially covered in rough black scales (AC +4, Dex -1). [potion of mutation]
  6774 | D:4      | Found a sacrificial altar of Ru.
  7074 | D:5      | Entered Level 5 of the Dungeon
  7203 | D:5      | Reached XP level 7. HP: 37/39 MP: 4/17
  7260 | D:5      | Found a sand-covered staircase.
  7318 | Ossuary  | Entered an ossuary
  7492 | Ossuary  | Learned a level 4 spell: Throw Icicle
  8506 | Ossuary  | Offered knowledge of Stone Arrow by Vehumet.
  8908 | Ossuary  | Reached *** piety under Vehumet
  9490 | Ossuary  | Offered knowledge of Olgreb's Toxic Radiance by Vehumet.
  9750 | D:5      | Lost mutation: You are partially covered in rough black scales (AC +4, Dex -1). [evolution]
 10052 | D:5      | Found a shimmering altar of Xom.
 10052 | D:5      | Found a sparkling altar of Nemelex Xobeh.
 10095 | D:5      | Noticed Guts's ghost (novice HuBe)
 10347 | D:5      | HP: 2/40 [Guts's ghost (8)]
 10347 | D:5      | Slain by Guts's ghost

Vault maps used:
D:1:      lightli_arrival_chessboard
D:2:      elyvilon_altar_5, vehumet_crystals
D:3:      serial_co_window_serial, co_window_corner_a, co_window_paths_a,
          co_window_of_opportunity_a, co_window_paths_a, co_window_paths_b,
          co_window_corner_b, co_window_2corner, co_window_corner_b,
          co_window_corner_ca, co_window_2corner, co_window_unsneaky_path_c,
          co_window_of_opportunity_b, glass_columns_a, glass_columns_b,
          first_bread
D:4:      grunt_temple_overflow_forces_of_nature,
          nicolae_overflow_hidden_temple, serial_shops, shop, shop
D:5:      gammafunk_temple_overflow_elements, nicolae_ossuary_entry_ruins
Ossuary:  ossuary_zaba_two_paths

Action                   |  1- 3 |  4- 6 |  7- 9 || total
-------------------------+-------+-------+-------++-------
Melee: Club              |     2 |       |       ||     2
       Dagger            |     1 |       |       ||     1
       Whip              |    29 |    65 |   236 ||   330
Throw: Throwing net      |       |     1 |     2 ||     3
 Cast: Freeze            |    32 |    68 |    15 ||   115
       Throw Frost       |    27 |    76 |     6 ||   109
       Ozocubu's Armour  |       |     4 |    12 ||    16
       Condensation Shie |       |     3 |    10 ||    13
       Searing Ray       |       |     1 |    14 ||    15
 Abil: Breathe Fire      |       |     1 |     5 ||     6
Evoke: Wand              |       |       |     1 ||     1
  Use: Scroll            |     4 |     4 |     1 ||     9
       Potion            |       |     1 |     4 ||     5
 Stab: Sleeping          |     2 |     7 |     9 ||    18
  Eat: Meat ration       |     1 |     2 |       ||     3
       Chunk             |       |     5 |       ||     5
       Bread ration      |       |     1 |     2 ||     3
       Royal jelly       |       |       |     1 ||     1
